← All builds
Suicide front / Armada / Factory first / OBSERVED BUILD

Standard suicide front

Bot Lab first into Rocketeer/Centurion/Pawn to contest the middle early and hold until T2 arrives, the role's baseline play.

Usually lab first (62%)

#rush · 1185 distinct matches · 125 players · 71% of Armada Suicide front games · team won 60% of 1411 · Recently observed

HOW TO PLAY IT

Key timing: Bot Lab by 0:20

  1. Open with mex and wind, drop Bot Lab immediately.
  2. Push out first "Centurion" as Pond's boost lands.
  3. Send "Rocketeer", "Centurion", "Pawn" mix to contest middle.
  4. Add Dragon's Teeth and Sentries to hold the line.
  5. Get Advanced Metal Extractor up as T2 nears.

Phase by phase

TYPICAL OF ITS 1185 GAMES
  1. 1
  2. 2
  3. 3
PLAY THE OPENING

Follow the example game's first 6:00 step by step: what to build now, what comes next, and where it goes. At 1× it keeps pace with your own game.

  1. 1

    Bot Lab first

    Order
    1. Bot LabBot Lab done ~0:20, middle half 0:20–0:33

    Some games also: mex (37%)

  2. 2

    Bot Lab to 5:00

    Economy
    • Metal Extractor5Mex
    • Wind Turbine4Wind
    Builders
    • Construction Bot3 Con bot
    • Lazarus2 Lazarus
    Army
    • Sentry4 Sentry
    • Rocketeer18 Rocketeer
    • Tick2 Tick
    • Centurion1 Centurion
    Other
    • Radar Tower1 Radar Tower

    Some games also: con turret (35%) · pawn (31%)

    By 5:00 in all: 5 mex · 5 wind

    The example game in this phase · 38 steps
    1. TickTick
    2. Mex
    3. TickTick
    4. Wind
    5. TickTick
    6. LazarusLazarus
    7. Solar
    8. LazarusLazarus
    9. CenturionCenturion
    10. Mex
    11. Construction BotCon bot
    12. SentrySentry
    13. Construction BotCon bot
    14. Mex
    15. Construction BotCon bot ×2
    16. Mex ×2
    17. RocketeerRocketeer ×2
    18. SentrySentry
    19. Wind
    20. RocketeerRocketeer ×3
    21. Wind
    22. SentrySentry
    23. RocketeerRocketeer ×2
    24. SentrySentry
    25. RocketeerRocketeer
    26. Wind
    27. RocketeerRocketeer ×2
    28. SentrySentry
    29. Wind
    30. RocketeerRocketeer ×3
    31. Wind
    32. RocketeerRocketeer
    33. SentrySentry
    34. RocketeerRocketeer
    35. SentrySentry
    36. Wind
    37. SentrySentry
    38. Wind
  3. 3

    5:00 to 10:00

    Economy
    • Metal Extractor1Mex
    • Wind Turbine17Wind
    Builders
    • Construction Turret2 Con turret
    • Lazarus2 Lazarus
    • Construction Bot1 Con bot
    Army
    • Sentry1 Sentry
    • Rocketeer8 Rocketeer
    • Pawn1 Pawn

    Some games also: tick (48%) · Radar Tower (47%) · energy storage (46%) · centurion (45%) · Beamer (38%)

    By 10:00 in all: 6 mex · 23 wind · 1 energy storage · 3 con turret

    The example game in this phase · 62 steps
    1. Wind
    2. MaceMace
    3. Con turret
    4. MaceMace ×10
    5. Wind
    6. MaceMace
    7. Wind
    8. MaceMace
    9. Wind
    10. MaceMace
    11. Wind
    12. MaceMace
    13. Wind
    14. MaceMace
    15. Wind
    16. MaceMace ×2
    17. Wind
    18. MaceMace
    19. Wind
    20. MaceMace ×2
    21. Wind
    22. MaceMace
    23. Wind
    24. MaceMace ×2
    25. Wind
    26. MaceMace
    27. Advanced Metal ExtractorT2 mexdone 9:11 · typical 9:37
    28. Wind ×3
    29. Con turret
    30. Advanced Metal ExtractorT2 mex
    31. Advanced solar
    32. Advanced Metal ExtractorT2 mex
    33. Advanced solar
    34. Advanced Metal ExtractorT2 mex
    35. Advanced solar ×2
    36. RattlesnakeRattlesnakedone 12:28
    37. Advanced solar
    38. Con turret
    39. Advanced solar
    40. Con turret
    41. Advanced solar
    42. Con turret
    43. SentrySentry
    44. Advanced solar
    45. Advanced Metal ExtractorT2 mex
    46. BeamerBeamer
    47. Advanced solar ×2
    48. Vehicle PlantVehicle Plantdone 13:11
    49. BlitzBlitz ×3
    50. Advanced solar
    51. BlitzBlitz ×5
    52. Advanced solar
    53. BlitzBlitz ×5
    54. Con turret
    55. BlitzBlitz ×10
    56. Aircraft PlantAircraft Plantdone 14:42
    57. BlitzBlitz ×2
    58. Con turret
    59. Construction AircraftCon aircraft
    60. BlitzBlitz
    61. Construction AircraftCon aircraft
    62. Advanced Metal ExtractorT2 mex

Counts are medians over the build's games: half of them build more, half fewer. The example game is IMBALANCED's (41 OS, 04/09/2026); pick another.

Team trades

IN AT LEAST 30% OF ITS GAMES

You hand over

Nothing regular.

You get

  • Tidal Generator4 Tidal from Pondfirst at 0:10 · in 69% of games
  • Advanced Construction Bot1 T2 con bot from Geo or Techfirst at 7:30 · in 58% of games

How it plays out

Typical game of this build, running totals by minute

Metal produced

010k20k30k
0:005:0010:0015:00

metal

Enemy metal destroyed

05k10k
0:005:0010:0015:00

metal

Own metal lost

05k10k
0:005:0010:0015:00

metal

1411 games.

Show as table
ByMetal produced: This buildEnemy metal destroyed: This buildOwn metal lost: This build
1:0022600
2:0088900
3:002056172106
4:003161660486
5:00423614131020
6:00543023271785
7:00666131792732
8:00791040353631
9:00929848164516
10:001068854265336
11:001224158986080
12:001402465176842
13:001604270137523
14:001796976808336
15:002029783029228
WHAT THE NUMBERS SAY

Standard suicide front play wins slightly more than half its games with fast kills but also fast losses, matching the raw grind of the role.

  • + First kill lands by 2:04 in all games
  • + Metal produced reaches 19882 by 15:00
  • − Own metal lost hits 9208 by 15:00, near metal destroyed of 8172
  • − First unit lost as early as 2:08 in every game
THE EXAMPLE YOU ARE READING

IMBALANCED

40.7 OS · 04/09/2026

Open source match ↗

9 received units · includes a constructor
1604 metal received · 767 energy received

Allied construction assistance is unknown. Timings are observations, not a promise of solo reproducibility.

Typical milestones

Bot Lab0:20Middle 50%: 0:20–0:33 · n=1405
Advanced Metal Extractor9:37Middle 50%: 8:41–10:48 · n=1035

Played most by

_X_252games of this buildPlatinumBlonde166games of this buildXad109games of this buildImmort62games of this buildwatermeloans58games of this build